[Event "21st IPCA World Championship 2022"]
[Site "Ashdod"]
[Date "2022.05.09"]
[Round "1.11"]
[White "Babanov, Aleksandr"]
[Black "Frumin, Rebeka"]
[Result "1-0"]
[ECO "C47"]
[WhiteElo "1929"]
[BlackElo "1319"]
[Annotator "TA"]
[PlyCount "83"]
[EventDate "2022.05.09"]
[EventType "swiss"]
[EventCountry "ISR"]
[SourceTitle "playchess.com"]
[Source "ChessBase"]
[SourceQuality "1"]
[TimeControl "5400+30"]

1. e4 e5 2. Nf3 Nc6 3. Nc3 Nf6 4. d4 exd4 5. Nxd4 Bb4 6. Nxc6 bxc6 7. Bd3 O-O 8. O-O d5 9. exd5 Bxc3 10. bxc3 cxd5 11. Bg5 Qd6 12. Bxf6 Qxf6 13. Qh5 {[%emt 0:00:18][%csl Gd3,LRd5,LRh7][%cal Rh5h7] [#] C47: Scotch Four Knights and Four Knights with 4 g3.} g6 14. Qxd5 Be6 15. Qc5 {[%emt 0:01:52] White is slightly better.} Rfc8 {[%emt 0:03:26] [#]} 16. f4 $146 ({Predecessor:} 16. Ba6 Rd8 17. Qxc7 Bd5 18. Bd3 Qg5 19. Qg3 Qd2 20. c4 Bb7 21. Qc7 Rab8 22. c5 {1-0 (39) Herman,M-Zaleska,N Poland 2007}) 16... c6 (16... Bf5 $14) 17. f5 $18 Qg5 $2 (17... gxf5 18. Bxf5 Qh6) 18. h4 Qh5 19. Ba6 $2 (19. Rae1 Re8 20. Be2 Qxh4 21. fxe6 Rxe6 22. Qf2 Qxf2+ 23. Kxf2) (19. Rae1 $18 Re8 20. Be2 Qxh4 21. fxe6 Rxe6 22. Qf2 Qxf2+ 23. Kxf2) 19... Rd8 $14 20. Qxc6 Bxf5 21. Qf6 $36 {[%emt 0:03:40][%mdl 2048] [#] aiming for Bc4. White is more active.} Rab8 $2 (21... Be6 $11 {and Black has nothing to worry.}) 22. Bc4 $18 Rf8 23. Rf2 $2 (23. Rae1 $18 {Re7 is the strong threat.} Be6 24. Bxe6 Qc5+ 25. Kh1 (25. Rf2 fxe6 26. Qxe6+ Kh8 $16) 25... fxe6 26. Qxe6+ Kh8 27. c4) 23... Rb6 24. Qe7 {[%emt 0:04:13] White is more active.} Rb2 $2 (24... Qg4 25. Bd5 (25. Qxa7 Rc6) 25... Be6 26. Qxa7 Rfb8) (24... Qh6 $16) 25. Bb3 Qg4 26. Qa3 Rxb3 27. cxb3 (27. axb3 Qg3 28. Qc5 Qxh4 29. Qxa7 Qe4) ({Much less strong is} 27. axb3 Qg3 28. Qxa7 Qxc3 $18) 27... Qxh4 28. Qxa7 Qg3 29. Qd4 h5 30. Re1 Ra8 31. a4 h4 32. Qe3 Qb8 33. c4 Qc8 34. Rfe2 Be6 35. Qh6 {[%emt 0:00:43][%cal Oe2e6] And now Rxe6! would win.} Qc5+ 36. Kh1 h3 37. Rxe6 {[%emt 0:00:31] Threatening mate with Re8+.} hxg2+ 38. Kxg2 {[%emt 0:00:05] Re8+ would kill now.} fxe6 39. Qxg6+ {[%emt 0:00:16] White mates.} Kf8 40. Rxe6 Qd4 41. Rf6+ Ke7 42. Rf7+ {[%emt 0:45:50] Weighted Error Value: White=0.68/Black=0.86} 1-0

[Event "21st IPCA World Championship 2022"]
[Site "Ashdod"]
[Date "2022.05.09"]
[Round "1.12"]
[White "Freiberg, Doron"]
[Black "Gerasimova, Svetlana"]
[Result "0-1"]
[ECO "E67"]
[WhiteElo "1244"]
[BlackElo "1906"]
[Annotator "TA"]
[PlyCount "118"]
[EventDate "2022.05.09"]
[EventType "swiss"]
[EventCountry "ISR"]
[SourceTitle "playchess.com"]
[Source "ChessBase"]
[SourceQuality "1"]
[TimeControl "5400+30"]

1. d4 Nf6 2. Nf3 g6 3. c4 Bg7 4. g3 O-O 5. Bg2 d6 6. O-O Nbd7 7. Nc3 c6 8. Re1 e5 {[%emt 0:02:49] E67: King's Indian: Fianchetto: 6...Nbd7.} 9. dxe5 dxe5 10. e4 a5 {[%emt 0:06:04] The position is equal.} 11. b3 {[%emt 0:06:06] [#]} Qe7 $146 ({Predecessor:} 11... Re8 12. Ba3 Bf8 13. Bxf8 Kxf8 14. Qd6+ Qe7 15. Rad1 Kg7 16. Na4 c5 17. Nc3 Qxd6 18. Rxd6 {½-½ (36) Groiss,W (1807)-Widner,S (1963) Innsbruck 2019}) 12. Bb2 Rd8 13. Qc2 Nf8 (13... b6 $11) 14. Na4 (14. Nxe5 {is interesting.} Qxe5 15. Nd5 Rxd5 16. Bxe5 Rxe5 17. Rad1) 14... N6d7 15. Nc3 (15. c5 $16) 15... Nc5 $11 16. Rad1 (16. Ba3 $5 ) 16... Bg4 17. Ba3 Bxf3 18. Bxf3 b6 ({Black should try} 18... Nfe6 $11 19. Na4 Bf8) 19. Na4 $1 $14 Qa7 20. Nxc5 bxc5 21. Re3 (21. Rxd8 $14 Rxd8 22. Bg4) 21... Ne6 $11 22. Bb2 (22. Rxd8+ $1 $11 Rxd8 23. Rd3) 22... Nd4 $15 23. Bxd4 cxd4 24. Red3 Qc5 25. Qd2 a4 26. Rb1 Rdb8 27. Bd1 axb3 28. Bxb3 Qa3 29. Rb2 (29. c5 $15 Qxc5 30. Rc1) 29... Ra5 ({Black should play} 29... c5 $17 30. Rb1 Qa6) 30. Rf3 {[%emt 0:00:00] Against f5} (30. c5 $1 $11 {keeps the balance.} Kf8 31. f4) 30... Rc5 ({Better is} 30... c5 $17 {[%cal Of7f5] And now ...f5! would win.} 31. Qe2 Raa8) 31. Rc2 Rb4 32. Kg2 Rb7 33. Qg5 Rd7 34. Qg4 Qa7 35. Rd3 Bf8 36. Rcd2 Kg7 (36... h5 {with more complications.} 37. Qg5 Be7 38. Qh6 Qb8) 37. h4 h5 38. Qd1 Ra5 39. Rf3 (39. c5 $11 {remains equal.}) 39... Bc5 (39... c5 $17) 40. Rdd3 {[%emt 0:00:00] [#]} (40. g4 $1 $11) 40... Rd6 $1 $17 41. Qe1 Ra3 42. Rd1 Qe7 43. Qd2 Rf6 (43... Rd8 $17 44. Qc2 Qd7) 44. Qd3 Rxf3 45. Qxf3 Qf6 46. Rd3 Qxf3+ 47. Kxf3 {[%emt 0:00:21][%mdl 4096] Endgame KRB-KRB} f5 48. exf5 $2 {[%emt 0:00:56][%mdl 8192] This move loses the game for White.} (48. Rd1 $17) 48... gxf5 $19 {[%emt 0:00:07] aiming for ...e4+.} 49. Kg2 e4 {[%emt 0:00:12] Prevents Rf3.} 50. Rd1 Kf6 51. f4 $2 (51. Rd2) 51... d3 52. Rd2 Bb4 (52... e3 $142 53. Rxd3 {[#]} Rxa2+ $3 54. Kh3 e2 55. Rd1 exd1=Q 56. Bxd1 Bg1 57. g4 Bh2 58. gxf5 Kxf5 59. Bb3 Rf2 60. Bc2+ Rxc2 61. c5 Ke4 62. f5 Bc7 63. f6 Rh2#) 53. Rd1 Ra8 54. Kf2 Bc5+ 55. Ke1 Rd8 {[%emt 0:00:13] Threatens to win with ...e3.} 56. Kf1 e3 {[%emt 0:00:56] ( -> ...e2+)} 57. Rb1 e2+ {[%emt 0:00:45] Black mates.} 58. Kg2 d2 59. Rb2 e1=Q {[%emt 0:25:47] Weighted Error Value: White=0.83/Black=0.32} 0-1